General information
- name: BNet
- type: Ladder 1vs1/FFA
- host: Battle.net
- saver: 7.28
map: TwistedMeadows
- players: 2
- length: 25:37
- speed: Fast
- version: 1.24 W3XP
- replay type: Public
» download(68 KB)
Players
team 1 (loser)
terf21 (
yellow | 25 APM | 632 actions | 25:36)
2 Priestess of the Moon
1 Searing Arrows
1 Scout
2 Pit Lord
1 Howl of Terror
1 Cleaving Attack
» actions
| Basic commands | 9 | |
| Build / train | 81 | |
| Enter build submenu | 44 | |
| Enter hero's abilities submenu | 4 | |
| Remove unit from queue | 1 | |
| Right click | 197 | |
| Select / deselect | 242 | |
| Use ability | 54 | |
632 total
» units
» upgrades
| Improved Bows | 1 | |
| Strength of the Moon | 2 | |
| Moon Armor | 2 | |
| Marksmanship | 1 | |
| Corrosive Breath | 1 | |
7 total
» buildings
| Altar of Elders | 1 | |
| Ancient of War | 1 | |
| Moon Well | 12 | |
| Tree of Ages | 1 | |
| Ancient of Wind | 1 | |
| Hunter's Hall | 1 | |
| Ancient of Lore | 1 | |
| Ancient Protector | 10 | |
| Tree of Eternity | 1 | |
| Tree of Life | 4 | |
| Chimaera Roost | 1 | |
34 total
» build order
00:24 Altar of Elders
00:39 Ancient of War
00:52 Moon Well
02:15 Moon Well
02:30 Moon Well
03:03 Tree of Ages
03:39 Moon Well
07:17 Ancient of Wind
07:42 Hunter's Hall
09:12 Ancient of Lore
09:17 Ancient Protector
09:24 Ancient Protector
10:37 Ancient Protector
10:40 Ancient Protector
10:45 Ancient Protector
10:56 Ancient Protector
11:56 Tree of Eternity
12:15 Ancient Protector
12:53 Ancient Protector
13:07 Tree of Life
13:46 Moon Well
13:58 Moon Well
14:41 Moon Well
15:02 Tree of Life
15:18 Chimaera Roost
16:08 Tree of Life
18:17 Tree of Life
18:59 Ancient Protector
19:12 Ancient Protector
22:38 Moon Well
22:55 Moon Well
23:19 Moon Well
23:30 Moon Well
24:02 Moon Well
team 2 (winner)
7.28 (
blue | 76 APM | 1949 actions | 25:37)
7 Blademaster
3 Wind Walk
3 Critical Strike
1 Bladestorm
4 Shadow Hunter
2 Hex
2 Healing Wave
» actions
| Assign group hotkey | 41 | |
| Basic commands | 67 | |
| Build / train | 86 | |
| ESC pressed | 1 | |
| Enter build submenu | 43 | |
| Enter hero's abilities submenu | 11 | |
| Give item / drop item | 13 | |
| Right click | 850 | |
| Select / deselect | 287 | |
| Select group hotkey | 398 | |
| Use ability | 152 | |
1949 total
» units
| Peon | 13 | |
| Wind Rider | 5 | |
| Troll Batrider | 6 | |
| Goblin Shredder | 2 | |
| Troll Witch Doctor | 2 | |
28 total
» upgrades
| Ranged Weapons | 3 | |
| Reinforced Defenses | 1 | |
| Witch Doctor Training | 2 | |
| Envenomed Spears | 1 | |
| Liquid Fire | 1 | |
8 total
» buildings
| Altar of Storms | 1 | |
| Orc Burrow | 7 | |
| War Mill | 1 | |
| Voodoo Lounge | 1 | |
| Stronghold | 1 | |
| Watch Tower | 26 | |
| Beastiary | 3 | |
| Great Hall | 2 | |
| Fortress | 2 | |
| Spirit Lodge | 1 | |
45 total
» build order
00:15 Altar of Storms
00:26 Orc Burrow
01:18 War Mill
01:25 Voodoo Lounge
02:16 Orc Burrow
03:09 Stronghold
03:23 Watch Tower
03:25 Watch Tower
03:54 Watch Tower
04:14 Watch Tower
04:16 Watch Tower
05:17 Watch Tower
05:19 Watch Tower
05:22 Watch Tower
05:33 Beastiary
05:41 Beastiary
06:04 Orc Burrow
07:52 Orc Burrow
09:13 Great Hall
10:26 Watch Tower
10:26 Watch Tower
10:43 Orc Burrow
10:57 Watch Tower
11:05 Watch Tower
11:42 Watch Tower
11:43 Watch Tower
11:47 Fortress
11:47 Fortress
12:45 Spirit Lodge
12:50 Watch Tower
12:50 Watch Tower
14:30 Watch Tower
14:30 Watch Tower
15:54 Beastiary
15:58 Orc Burrow
17:53 Watch Tower
17:55 Watch Tower
18:16 Orc Burrow
18:28 Watch Tower
18:29 Watch Tower
18:30 Watch Tower
18:31 Watch Tower
20:26 Watch Tower
20:27 Watch Tower
25:26 Great Hall
» items
| Healing Salve | 7 | |
| Lesser Clarity Potion | 9 | |
| Boots of Speed | 2 | |
| Potion of Healing | 8 | |
| Periapt of Vitality | 3 | |
| Staff of Teleportation | 1 | |
| Potion of Lesser Invulnerability | 1 | |
| Orb of Lightning | 2 | |
| Tiny Great Hall | 1 | |
34 total
Chat log
(24:40 / All) 7.28: leave?
(24:40 / All) 7.28: lol
(24:53 / All) 7.28: i just killed your entire army and both of your heroes
(24:55 / All) 7.28: with one unit
(25:03 / All) 7.28: how does that make you feel?
(25:11 / All) terf21: ur a fagget
(25:17 / All) 7.28: you mean "faggot"